 Dungeon Crawl Stone Soup version 0.29.1-1-gd02db6906a (webtiles) character file.

Game seed: 18209651741100666354

769 Colgate the Fighter (level 8, 67/68 HPs)
             Began as a Formicid Hunter on Sept 28, 2022.
             Was a Believer of Trog.
             Quit the game on level 4 of the Dungeon.
             The game lasted 00:24:53 (3282 turns).

Colgate the Fighter (Formicid Hunter)               Turns: 3282, Time: 00:24:54

Health: 67/68      AC: 11    Str: 15    XL:     8   Next: 9%
Magic:  8/8        EV: 10    Int: 13    God:    Trog [**....]
Gold:   195        SH:  0    Dex: 19    Spells: 7/7 levels left

rFire   + + .      SeeInvis +   b - +8 hammer "Lyufosys" {speed, Int+3}
rCold   . . .      Faith    .   (no shield)
rNeg    . . .      Spirit   .   K - +1 scale mail "Reseogougg" {rF++ Slay+2}
rPois   +          Reflect  .   (helmet unavailable)
rElec   .          Harm     .   s - +0 cloak
rCorr   .          Rampage  .   o - +0 pair of gloves
Will    .....                   g - +0 pair of boots
Stlth   +.........              (no amulet)
HPRegen 0.21/turn               q - ring of poison resistance
MPRegen 0.11/turn               F - ring of flight

@: flying
A: permanent stasis, dig shafts and tunnels, antennae 3, four strong arms
a: Dig, Shaft Self, Renounce Religion, Trog's Hand


You were on level 4 of the Dungeon.
You worshipped Trog.
Trog was pleased with you.
You visited 1 branch of the dungeon, and saw 4 of its levels.
You also visited: Ossuary.

You collected 195 gold pieces.

Inventory:

Hand Weapons
 a - a +0 shortbow
 b - the +8 hammer "Lyufosys" (weapon) {speed, Int+3}
   (You found it on level 2 of the Dungeon)

   Attacks with this weapon are significantly faster.
   Int:       It affects your intelligence (+3).
 v - a +3 quarterstaff of chaos
Armour
 g - a +0 pair of boots (worn)
 o - a +0 pair of gloves (worn)
 s - a +0 cloak (worn)
 K - the +1 scale mail "Reseogougg" (worn) {rF++ Slay+2}
   (You found it on level 4 of the Dungeon)

   Slay:      It affects your accuracy & damage with ranged weapons and melee
   (+2).
   rF:        It greatly protects you from fire.
Jewellery
 q - a ring of poison resistance (left hand)
 y - a ring of protection from fire
 F - a ring of flight (right hand)
Wands
 d - a wand of flame (18)
 t - a wand of polymorph (13)
 w - a wand of mindburst (9)
Scrolls
 f - 2 scrolls of teleportation {@r3}
 j - 3 scrolls of butterflies {unknown}
 m - a scroll of enchant weapon {unknown}
 u - 3 scrolls of immolation
 D - a scroll of amnesia {unknown}
 H - a scroll of fear {unknown}
 I - 2 scrolls of identify {@r1}
 J - a scroll of magic mapping {@r5}
Potions
 e - a potion of berserk rage {unknown}
 h - a potion of curing {unknown}
 i - 2 potions of magic
 k - 2 potions of haste {unknown}
 l - 3 potions of attraction
 n - a potion of heal wounds {@q2}
 p - a potion of mutation {unknown}
 r - 3 potions of might {unknown}
 z - a potion of ambrosia {unknown}
 A - 2 potions of degeneration {unknown}
 B - 5 potions of invisibility {unknown}
 C - 2 potions of lignification {unknown}
 E - a potion of flight {unknown}
 G - 2 potions of cancellation {unknown}


   Skills:
 + Level 8.0 Fighting
 - Level 4.0 Ranged Weapons
 - Level 4.1 Armour
 - Level 1.7 Dodging
 - Level 1.2 Stealth
 - Level 2.0 Evocations


You had 7 spell levels left.
You didn't know any spells.
Your spell library was empty.

Dungeon Overview and Level Annotations

Branches:
Dungeon (4/15)            Ossuary (visited)
 Temple: D:4-7

Altars:
Fedhas
Trog
Uskayaw
Zin
The Shining One


Innate Abilities, Weirdness & Mutations

You cannot be hasted, slowed, berserked, paralysed or teleported.
You can dig through walls and to a lower floor.
You have a pair of large antennae on your head. (SInv)
Your four strong arms can wield two-handed weapons with a shield.


Message History

No target in view!
You sense a monster nearby.
No target in view!
An orc wizard comes into view. It is wielding a +0 dagger.
The orc wizard shouts!
You hear a shout!
You shoot an arrow.
The arrow closely misses the orc wizard.
You hear a shout!
The orc wizard gestures at you while chanting.
You are confused.
You feel clever.
Your hands tingle!
b - the +8 hammer "Lyufosys" (weapon)
{speed, Int+3} You bump into the rock wall.
The orc wizard hits you but does no damage.
An orc comes into view. It is wielding a +0 hand axe.
You bump into the rock wall.
The orc wizard hits you with a +0 dagger.
You sock the orc wizard!
The orc wizard points at you and mumbles some strange words.
You easily resist.
You hit the orc wizard.
The orc wizard hits you but does no damage.
You bump into the rock wall.
You feel less confused. The orc wizard casts a spell at you.
The magic dart hits you.
An orc comes into view. It is wielding a +0 short sword.
You thump the orc wizard!
You kill the orc wizard!
Trog accepts your kill.
Trog appreciates your killing of a magic user.
Your Fighting skill increases to level 8!
You thump the orc!
You kill the orc!
Trog accepts your kill.
You sock the orc!
You kill the orc!
Trog accepts your kill.
Items here:

))) [ ††. * ******,**,*
#.# * *,,,,,,,,,* #.# *
*,****,**** #.## * *,*
*,* #..# *,* *,* #..#
*,* #,* #..# *,* #.##*
#..# ***,*###...### #..#
*****,,,,......?@# #..#
*,,,,,*,*#####.#)# #..#
*,***,*,* #,#.# #..#
*,*,,,,,** #,#.# #..#
,,,,,,,*,#####.#.####..#
*,,,,,***......<.......#
***,**,*,#####.#......##
***,***,** #.#.######
,,,,,,,,*****#...#


There were no monsters in sight!

Vanquished Creatures
  A black bear (D:4)
  3 water moccasin zombies (Ossuary)
  2 centaur zombies (Ossuary)
  2 orc priests (D:4)
  A hound (D:3)
  An iguana (D:4)
  Crazy Yiuf (D:2)
  Terence (D:3)
  4 scorpion zombies (Ossuary)
  An orc wizard (D:4)
  2 ogre zombies (Ossuary)
  A mummy (Ossuary)
  An adder (D:2)
  3 adder zombies (Ossuary)
  A worm (D:2)
  5 dart slugs
  4 orcs (D:4)
  5 ball pythons
  3 bats
  6 endoplasms
  3 giant cockroaches
  A gnoll zombie (Ossuary)
  8 goblins
  13 hobgoblins
  2 quokkas
  2 frilled lizards (D:1)
  3 goblin zombies (Ossuary)
  2 kobolds (D:1)
  3 orc zombies (Ossuary)
  6 rats
  2 bushes (D:1)
93 creatures vanquished.

Vanquished Creatures (others)
  11 plants
11 creatures vanquished.

Grand Total: 104 creatures vanquished

Notes
Turn   | Place    | Note
-------+----------+-------------------------------------------
     0 | D:1      | Colgate the Formicid Hunter began the quest for the Orb.
     0 | D:1      | Reached XP level 1. HP: 16/16 MP: 1/1
   226 | D:1      | Reached skill level 3 in Fighting
   226 | D:1      | Reached XP level 2. HP: 24/24 MP: 2/2
   317 | D:1      | Reached XP level 3. HP: 29/29 MP: 3/3
   390 | D:1      | Reached skill level 4 in Fighting
  1080 | D:2      | Reached XP level 4. HP: 38/38 MP: 4/4
  1113 | D:2      | Found a bloodstained altar of Trog.
  1122 | D:2      | Became a worshipper of Trog the Wrathful
  1413 | D:2      | Found a runed translucent door.
  1414 | D:2      | Noticed Crazy Yiuf
  1421 | D:2      | Killed Crazy Yiuf
  1422 | D:2      | Reached skill level 5 in Fighting
  1426 | D:2      | Identified the +8 hammer "Lyufosys" {speed, Int+3}
  1820 | D:3      | Reached XP level 5. HP: 45/45 MP: 5/5
  1847 | D:3      | Found a hide-covered altar of Uskayaw.
  1850 | D:3      | Noticed Terence
  1862 | D:3      | Killed Terence
  2004 | D:3      | Reached skill level 6 in Fighting
  2027 | D:3      | Found a blossoming altar of Fedhas.
  2121 | D:3      | Found a glowing golden altar of the Shining One.
  2237 | D:3      | Found a glowing silver altar of Zin.
  2500 | D:4      | Noticed a black bear
  2502 | D:4      | Killed a black bear
  2503 | D:4      | Reached XP level 6. HP: 53/53 MP: 6/6
  2543 | D:4      | Reached * piety under Trog
  2556 | D:4      | Found a sand-covered staircase.
  2561 | Ossuary  | Entered an ossuary
  2575 | Ossuary  | Reached skill level 7 in Fighting
  2642 | Ossuary  | Reached skill level 1 in Armour
  2767 | Ossuary  | Reached XP level 7. HP: 58/60 MP: 7/7
  3034 | Ossuary  | Noticed a silent spectre
  3106 | D:4      | Reached ** piety under Trog
  3107 | D:4      | Reached skill level 1 in Evocations
  3112 | D:4      | Reached XP level 8. HP: 66/68 MP: 8/8
  3188 | D:4      | Identified the +1 scale mail "Reseogougg" {rF++ Slay+2}
  3278 | D:4      | Reached skill level 8 in Fighting
  3282 | D:4      | Quit the game

Illustrated notes

Levels and vault maps discovered:
D:1:      lightli_arrival_farm, layout_rooms, serial_forest,
          infiniplex_forest_clump_small, infiniplex_forest_clump_cross,
          infiniplex_forest_corner_1, infiniplex_forest_lined_room_2,
          infiniplex_forest_end_2, minmay_hexomino_c4
D:2:      layout_basic, basic_altar, uniq_crazy_yiuf_cottage
D:3:      layout_loops_cross, mainiacjoe_overflow_cross_hatched,
          eat_drink_and_be_merry_uskayaw, nicolae_overflow_squiral, uniq_terence
D:4:      layout_loops_ring, nicolae_ossuary_entry_false_entrances

Skill      XL: |  1  2  3  4  5  6  7  8 |
---------------+-------------------------+-----
Fighting       | 3 4 5 6 7 8 |  8.0
Armour         | 2 4 |  4.1
Evocations     | 2 |  2.0
Ranged Weapons | |  4.0
Dodging        | |  1.7
Stealth        | |  1.2

Action                   |  1- 3 |  4- 6 |  7- 9 || total
-------------------------+-------+-------+-------++-------
Melee: Mace              |       |    51 |    56 ||   107
       Punch             |       |     2 |       ||     2
 Fire: Shortbow          |   225 |    66 |    38 ||   329
 Abil: Dig               |     1 |       |       ||     1
Evoke: Wand              |       |     2 |       ||     2
  Use: Scroll            |     3 |     3 |       ||     6
Armor: Leather armour    |     6 |     4 |       ||    10
       Chain mail        |       |    37 |    18 ||    55
       Scale mail        |       |       |     2 ||     2
Dodge: Dodged            |    19 |    32 |    15 ||    66
